 Dungeon Crawl Stone Soup version 0.31-a0-229-g1fc7ce93e2 (webtiles) character file.

Game seed: 16053153812290031446

273 qw the Shooter (level 6, -11/36 HPs)
             Began as a Gargoyle Hexslinger on July 6, 2023.
             Killed by divine providence
             ... invoked by an orc priest
              (13 damage)
             ... on level 4 of the Dungeon.
             The game lasted 00:00:56 (2396 turns).

qw the Shooter (Gargoyle Hexslinger)                Turns: 2396, Time: 00:00:57

Health: -11/36     AC: 10    Str: 12    XL:     6   Next: 23%
Magic:  7/7        EV: 10    Int: 13    God:
Gold:   172        SH:  0    Dex: 14    Spells: 6/7 levels left

rFire   . . .        Y - +2 sling (freeze)
rCold   . . .        (no shield)
rNeg    + . .        m - +0 ring mail
rPois   inf          (no helmet)
rElec   +            (no cloak)
rCorr   +            (no gloves)
SInv    .            (no boots)
Will    +....        (no amulet)
Stlth   +            g - ring of willpower
HPRegen 0.26/turn    a - ring of resist corrosion
MPRegen 0.10/turn

%: no passive effects
@: no status effects
A: sickness immunity, AC +4, negative energy resistance 1, electricity
resistance, torment resistance 1, petrification resistance
a: no special abilities


You were on level 4 of the Dungeon.
You visited 1 branch of the dungeon, and saw 4 of its levels.

You collected 172 gold pieces.


Innate Abilities, Weirdness & Mutations

You are immune to sickness and miasma.
Your stone body is resilient. (AC +4)
You are immune to poison.
You resist negative energy. (rN+)
You are resistant to electric shocks. (rElec)
You are resistant to unholy torment.
You are immune to petrification.


   Skills:
 + Level 2.6 Fighting
 - Level 5.1 Ranged Weapons
 - Level 2.9 Armour
 - Level 1.5 Dodging
 - Level 1.0 Spellcasting
 - Level 2.6 Hexes


You had 6 spell levels left.
You knew the following spells:

 Your Spells              Type           Power      Damage    Failure   Level
a - Slow                  Hex            28%        N/A       21%         1

Your spell library contained the following spells:

 Spells                   Type           Power      Damage    Failure   Level
 Inner Flame              Hex/Fire       4%         N/A       71%         3
 Portal Projectile        Hex/Tloc       8%         N/A       71%         3
 Cause Fear               Hex            3%         N/A       90%         4

Inventory:

Hand Weapons
 Y - a +2 sling of freezing (weapon)
Armour
 m - a +0 ring mail (worn)
Jewellery
 a - a ring of resist corrosion (right hand)
 g - a ring of willpower (left hand)
Wands
 h - a wand of digging (4)
Scrolls
 c - a scroll of identify {unknown}
Potions
 b - 2 potions of degeneration {unknown}
 d - a potion of invisibility {unknown}
 e - a potion of mutation {unknown}
 f - a potion of magic {unknown}
 j - a potion of curing
 l - a potion of attraction {unknown}

Dungeon Overview and Level Annotations

Branches:
Dungeon (4/15)
 Temple: D:4-7

Altars:
Cheibriados


Message History

You shoot a sling bullet.
The sling bullet hits the orc priest but does no damage.
The orc priest barely misses you.
You shoot a sling bullet.
The sling bullet closely misses the orc priest. x2
The sling bullet hits the orc priest.
The sling bullet freezes the orc priest.
The orc priest is moderately wounded.
The orc priest hits you but does no damage.
You shoot a sling bullet.
The sling bullet barely misses the orc priest.
The sling bullet hits the orc priest.
The sling bullet freezes the orc priest.
The orc priest is moderately wounded.
The orc priest barely misses you.
You shoot a sling bullet.
The sling bullet hits the orc priest but does no damage.
The orc priest mumbles some strange prayers to Beogh against you.
Beogh smites you!
You shoot a sling bullet. The sling bullet hits the orc priest.
The sling bullet freezes the orc priest.
The orc priest is lightly wounded.
The orc priest hits you with a +0 flail.
An orc wizard comes into view. It is wielding a +0 dagger.
The orc priest looks braver for a moment.
The orc priest calls upon Beogh to heal the orc priest.
The orc priest is healed somewhat.
You shoot a sling bullet.
The sling bullet barely misses the orc priest.
The sling bullet hits the orc priest.
The sling bullet freezes the orc priest.
The orc priest is moderately wounded.
The orc priest calls down the wrath of Beogh upon you.
Beogh smites you! The orc priest barely misses you.
You shoot a sling bullet. The sling bullet hits the orc priest.
The sling bullet freezes the orc priest.
The orc priest is heavily wounded.
The orc priest invokes the aid of Beogh against you.
Beogh smites you!
You die...

#### ####.....
######........
#.@oooo....#
##?####..###.#
###...####.#
#.........<#
#.#...#####)..
#.##.## oo
#.##.# .o#
#.##.# ..#
#.##.#


You could see 3 orc priests and an orc wizard.

Vanquished Creatures
  A black bear (D:4)
  An orc priest (D:3)
  Jessica (D:3)
  An orc wizard (D:3)
  2 adders
  3 worms
  3 dart slugs
  7 orcs
  8 ball pythons
  A bat (D:1)
  7 endoplasms
  4 giant cockroaches
  2 goblins (D:1)
  5 hobgoblins
  2 jackals (D:4)
  3 kobolds (D:3)
  8 quokkas
  A frilled lizard (D:3)
  5 rats
65 creatures vanquished.

Notes
Turn   | Place    | Note
-------+----------+-------------------------------------------
     0 | D:1      | qw the Gargoyle Hexslinger began the quest for the Orb.
     0 | D:1      | Reached XP level 1. HP: 12/12 MP: 2/2
     0 | D:1      | 0 ||| qw: Version: 0.3-a-46-gb1f654a
     0 | D:1      | 0 ||| qw: Game counter: 1240
     0 | D:1      | 0 ||| qw: Melee chars always use a shield: true
     0 | D:1      | 0 ||| qw: God list: Okawaru
     0 | D:1      | 0 ||| qw: Allow faded altars: false
     0 | D:1      | 0 ||| qw: Do Orc after clearing Dungeon:15 true
     0 | D:1      | 0 ||| qw: Do second Lair branch before Depths: true
     0 | D:1      | 0 ||| qw: Lair rune preference: random
     0 | D:1      | 0 ||| qw: Goals: Normal
     0 | D:1      | 0 ||| PLANNING D:1-11
    96 | D:1      | Reached XP level 2. HP: 16/16 MP: 3/3
   161 | D:1      | Reached skill level 3 in Ranged Weapons
   490 | D:1      | Reached XP level 3. HP: 21/21 MP: 4/4
   654 | D:1      | 654 ||| UPGRADING to ring of willpower.
   655 | D:1      | 655 ||| READING scroll labelled TYKHLO JUDYWKU.
   756 | D:1      | 756 ||| DROPPING scroll of poison.
  1482 | D:2      | 1482 ||| READING scroll labelled ZEROEZOMOW.
  1483 | D:2      | 1483 ||| READING 2 scrolls labelled UZYHATHRORU.
  1484 | D:2      | 1484 ||| READING scroll labelled YBACEI GOHI.
  1485 | D:2      | 1485 ||| READING scroll labelled HUKICHETYROCS.
  1486 | D:2      | 1486 ||| DROPPING scroll of noise.
  1517 | D:3      | Identified the +0 scale mail of Urasm {Harm}
  1534 | D:3      | Reached XP level 4. HP: 26/26 MP: 5/5
  1543 | D:3      | 1543 ||| FLEEEEING.
  1544 | D:3      | 1544 ||| FLEEEEING.
  1545 | D:3      | 1545 ||| FLEEEEING.
  1546 | D:3      | 1546 ||| FLEEEEING.
  1547 | D:3      | 1547 ||| FLEEEEING.
  1548 | D:3      | 1548 ||| FLEEEEING.
  1549 | D:3      | 1549 ||| FLEEEEING.
  1551 | D:3      | 1551 ||| STAIRDANCE
  1596 | D:3      | Reached skill level 4 in Ranged Weapons
  1880 | D:3      | Noticed Jessica
  1891 | D:3      | Killed Jessica
  1892 | D:3      | Reached XP level 5. HP: 30/30 MP: 6/6
  2077 | D:3      | Reached skill level 5 in Ranged Weapons
  2180 | D:3      | Found a snail-covered altar of Cheibriados.
  2263 | D:3      | 2263 ||| UPGRADING to +0 ring mail.
  2273 | D:3      | 2273 ||| DROPPING +0 robe.
  2274 | D:3      | 2274 ||| UPGRADING to ring of resist corrosion.
  2275 | D:3      | 2275 ||| READING 2 scrolls labelled UTAVUE XUKHLO.
  2276 | D:3      | 2276 ||| READING scroll labelled UTUTHIC GAKAJ.
  2277 | D:3      | 2277 ||| READING scroll labelled ZEYSEM EJAM.
  2278 | D:3      | 2278 ||| DRINKING 2 fuming amethyst potions.
  2279 | D:3      | 2279 ||| DROPPING scroll of blinking.
  2350 | D:4      | Noticed a black bear
  2357 | D:4      | Killed a black bear
  2358 | D:4      | Reached XP level 6. HP: 36/36 MP: 7/7
  2383 | D:4      | 2383 ||| Stepping ~*~*~tactically~*~*~ (outnumbered).
  2384 | D:4      | 2384 ||| Stepping ~*~*~tactically~*~*~ (outnumbered).
  2386 | D:4      | 2386 ||| FLEEEEING.
  2387 | D:4      | 2387 ||| FLEEEEING.
  2395 | D:4      | HP: 2/36 [orc priest/divine providence (11)]
  2396 | D:4      | Killed from afar by an orc priest

Levels and vault maps discovered:
D:1:      wheals_arrival_linesprint, layout_basic
D:2:      layout_loops_ring
D:3:      layout_loops_ring, slow_altar_2, uniq_jessica
D:4:      layout_loops_ring, mainiacjoe_overflow_alcove_1, minmay_misc_feat_room

Skill      XL: |  1  2  3  4  5 |
---------------+----------------+-----
Ranged Weapons | 3 4 5 |  5.1
Fighting       | 2 |  2.6
Armour         | 2 |  2.9
Dodging        | |  1.5
Spellcasting   | |  1.0
Hexes          | |  2.6

Action                     |  1- 3 |  4- 6 || total
---------------------------+-------+-------++-------
   Fire: Sling             |    84 |   126 ||   210
    Use: Scroll            |     5 |     3 ||     8
         Potion            |       |     1 ||     1
 Armour: Robe              |     8 |     4 ||    12
         Ring mail         |       |     8 ||     8
  Dodge: Dodged            |    25 |    25 ||    50

Table legend:
 A = Non-vault XP
 B = Vault XP
 C = Vault XP percentage of total XP
 D = Non-vault monster count
 E = Vault monster count
 F = Vault count percentage of total count
                 A         B        C        D         E       F
            +---------+---------+-------+---------+---------+-------
      Total |     348 |      42 |  10.8 |      63 |       2 |   3.1
            +---------+---------+-------+---------+---------+-------
        D:1 |      40 |       0 |   0.0 |      21 |       0 |   0.0
        D:2 |      34 |       0 |   0.0 |      10 |       0 |   0.0
        D:3 |     135 |      42 |  23.7 |      24 |       2 |   7.7
        D:4 |     139 |       0 |   0.0 |       8 |       0 |   0.0
            +---------+---------+-------+---------+---------+-------
